AoeStats
← chewie1706

Arena

506411635Analyzed
3v3 RM · 18d ago on Sep 13, 2026· 44m 49s· 6 players
Game mode
Random Map
Map size
Normal (6 player)
Population
200
Speed
Normal
Resources
Standard
Victory
Conquest
Starting age
Dark Age
Ending age
Imperial Age
RankedLock teamsTeams togetherTeam positionsShared explorationLock speedFull tech treeHidden civsTurbo modeCheats
Victory
Defeat
🇹🇼 Sicilians · Taiwan
1801
+9
🇹🇼 Hindustanis · Taiwan
1715
+13
🇹🇼 Japanese · Taiwan
1509
+21
🇫🇷 Vietnamese · France
1745
-19
🇫🇷 Tatars · France
1626
-14
🇫🇷 Cumans · France
1538
-10
AGS.BlackKnight
10:39 Feudal Age
14:25 Castle Age
12:41 Horse Collar
13:10 Loom
13:36 Double-Bit Axe
14:44 Wheelbarrow
15:23 Bow Saw
15:21 Town Watch
17:44 Heavy Plow
22:20 Gold Mining
23:17 Stone Mining
26:11 Hand Cart
26:54 Fletching
28:00 Fortified Wall
27:57 Bodkin Arrow
31:13 Imperial Age
29:21 Padded Archer Armor
29:45 Ballistics
31:16 Bloodlines
31:06 Husbandry
31:14 Heavy Cavalry Archer
31:56 Bracer
32:58 Chemistry
33:14 Crop Rotation
32:52 Silk Armor
33:18 Conscription
33:37 Siege Engineers
34:06 Leather Archer Armor
34:42 Timurid Siegecraft
35:48 Guilds
36:09 Coinage
36:31 Ring Archer Armor
36:46 Onager
38:39 Banking
38:34 Scale Barding Armor
38:39 Forging
38:55 Light Cavalry
40:11 Chain Barding Armor
40:26 Iron Casting
40:56 Hussar
chewie1706
8:32 Feudal Age
9:08 Loom
11:15 Horse Collar
17:08 Double-Bit Axe
19:58 Wheelbarrow
24:26 Castle Age
23:55 Stone Mining
24:01 Gold Mining
25:44 Bow Saw
25:38 Heavy Plow
26:08 Fletching
30:22 Imperial Age
27:51 Town Watch
29:02 Bodkin Arrow
30:06 Padded Archer Armor
31:25 Leather Archer Armor
31:58 Conscription
33:03 Ring Archer Armor
33:44 Bloodlines
33:54 Murder Holes
34:20 Ballistics
35:00 Chemistry
38:15 Elite Kipchak
40:14 Scale Barding Armor
42:12 Thumb Ring
43:41 Parthian Tactics
44:28 Chain Barding Armor
AGS.Eratuss
10:57 Feudal Age
12:26 Horse Collar
14:48 Castle Age
13:24 Double-Bit Axe
15:15 Light Cavalry
19:14 Bow Saw
21:06 Loom
22:17 Heavy Plow
23:49 Wheelbarrow
26:33 Gold Mining
26:33 Stone Mining
27:00 Hand Cart
26:31 Town Watch
29:18 Scale Barding Armor
31:44 Imperial Age
29:16 Murder Holes
29:42 Bloodlines
29:33 Husbandry
29:51 Forging
30:49 Chain Barding Armor
31:37 Chatras
32:35 Iron Casting
33:21 Plate Barding Armor
32:28 Elite Battle Elephant
36:37 Chemistry
YanShiba
10:22 Feudal Age
14:04 Castle Age
12:12 Double-Bit Axe
12:34 Horse Collar
15:07 Bow Saw
19:26 Loom
20:17 Wheelbarrow
20:22 Town Watch
20:31 Loom
20:51 Heavy Plow
21:06 Stone Mining
22:36 Hand Cart
23:16 Gold Mining
27:28 Imperial Age
25:38 Forging
25:52 Scale Mail Armor
26:42 Squires
26:28 Arson
27:22 Stone Shaft Mining
27:41 Chain Mail Armor
27:31 Grand Trunk Road
28:11 Gold Shaft Mining
27:55 Husbandry
28:05 Bloodlines
28:58 Iron Casting
28:49 Conscription
29:04 Bloodlines
29:07 Scale Barding Armor
28:44 Light Cavalry
29:14 Elite Ghulam
30:56 Blast Furnace
31:51 Chain Barding Armor
32:10 Heavy Camel Rider
34:19 Plate Barding Armor
33:37 Imperial Camel Rider
39:43 Two-Man Saw
38:35 Fletching
39:53 Coinage
39:24 Caravan
39:03 Hussar
41:32 Banking
HanShiba
11:17 Feudal Age
9:55 Loom
15:33 Castle Age
13:57 Double-Bit Axe
15:39 Horse Collar
19:28 Bow Saw
24:31 Scale Mail Armor
31:37 Imperial Age
30:55 Chain Mail Armor
31:22 Pikeman
32:05 Squires
32:16 Forging
33:17 Plate Mail Armor
32:48 Capped Ram
34:24 Wheelbarrow
35:58 Elite Skirmisher
36:30 Fletching
38:41 Bodkin Arrow
38:49 Padded Archer Armor
39:12 Bodkin Arrow
39:21 Halberdier
41:52 Ballistics
42:37 Bracer
42:55 Leather Archer Armor
44:11 Heavy Cavalry Archer
2KM1
10:53 Feudal Age
12:03 Double-Bit Axe
15:02 Castle Age
13:20 Double-Bit Axe
13:38 Horse Collar
15:53 Bow Saw
15:45 Heavy Plow
16:38 Wheelbarrow
17:51 Loom
21:01 Hand Cart
22:48 Gold Mining
24:32 Loom
27:35 Imperial Age
24:59 Gold Mining
25:01 Stone Mining
25:18 Fletching
25:56 Ballistics
26:35 Gold Shaft Mining
25:58 Bodkin Arrow
26:37 Loom
27:23 Scale Mail Armor
27:37 Forging
27:40 Squires
28:34 Chain Mail Armor
27:47 Elite Serjeant
28:46 Town Watch
30:02 Stone Shaft Mining
30:01 Crop Rotation
30:36 Plate Mail Armor
29:57 Capped Ram
31:11 Masonry
31:01 Arson
31:38 Bracer
31:56 Arrowslits
31:38 Siege Ram
32:42 Bracer
32:35 Pikeman
33:23 Halberdier
35:24 Iron Casting
35:51 Chemistry
36:12 Caravan
36:44 Coinage
37:48 Chemistry
37:12 Siege Engineers
38:17 Blast Furnace
Connection lost

Rejoining the realm…

Still unreachable

The connection could not be restored.

Session expired

The server has moved on; the page needs a fresh start.